 Dungeon Sprint DCSS version 0.28.0-43-g3370ac3207 (webtiles) character file.

Game seed: 14569574797946305782

7400000 smarlow the Plane Walker (level 24, -23/295 HPs)
             Began as a Troll Warper on Mar 3, 2022.
             Was the Champion of Makhleb.
             Annihilated by a sculptor of flesh
             ... wielding a +9 great sword
              (268 damage)
             ... in the Dungeon (Sprint VIII: "Arena of Blood").
             The game lasted 00:02:59 (74 turns).

smarlow the Plane Walker (Troll Warper)               Turns: 74, Time: 00:03:00

Health: -23/295    AC:  5    Str: 34    XL:     24   Next: 93%
Magic:  16/53      EV: 18    Int:  9    God:    Makhleb [******]
Gold:   0          SH:  0    Dex:  9    Spells: 77/77 levels left

rFire   . . .      SeeInvis +   j - +∞ Axe of Woe
rCold   . . .      Faith    .   (shield currently unavailable)
rNeg    . . .      Spirit   .   b - +0 robe
rPois   .          Reflect  .   (helmet restricted)
rElec   .          Harm     .   (no cloak)
rCorr   .          Rampage  .   (gloves unavailable)
Will    +....      NoTele   +   (boots unavailable)
Stlth   ++++......              (no amulet)
HPRegen 1.39/turn               k - ring of see invisible
MPRegen 0.33/turn               (no ring)

@: hasted and slowed
A: large, unfitting armour, claws 3, regeneration 1, shaggy fur 1, tough skin 1
a: Renounce Religion, Minor Destruction, Lesser Servant of Makhleb, Major
Destruction, Greater Servant of Makhleb


You were in the Dungeon.
You worshipped Makhleb.
Makhleb was exalted by your worship.
You visited 1 branch

Inventory:

Hand Weapons
 a - a +0 hand axe
 j - the +∞ Axe of Woe (weapon)
   (You found it in the Dungeon)
Missiles
 d - 5 boomerangs of dispersal (quivered)
Armour
 b - a +0 robe (worn)
Jewellery
 k - a ring of see invisible (left claw)
Scrolls
 c - 2 scrolls of blinking
Potions
 e - a potion of curing
 f - a potion of heal wounds
 h - 2 potions of magic
 i - a potion of berserk rage


   Skills:
 O Level 27 Fighting
 + Level 13.3(15.6) Short Blades
 + Level 13.4(15.6) Long Blades
 O Level 27 Axes
 + Level 14.5(24.8) Maces & Flails
 + Level 13.3(23.0) Polearms
 + Level 13.3(17.6) Staves
 + Level 11.3(17.7) Slings
 + Level 11.3 Bows
 + Level 11.3 Crossbows
 O Level 27 Throwing
 + Level 13.4 Armour
 O Level 27 Dodging
 + Level 10.4 Stealth
 + Level 13.3 Shields
 + Level 15.7 Unarmed Combat
 O Level 27 Spellcasting
 + Level 13.7 Conjurations
 + Level 11.3 Hexes
 + Level 12.3 Summonings
 + Level 13.3 Necromancy
 O Level 27 Translocations
 + Level 12.3 Transmutations
 + Level 12.3 Fire Magic
 + Level 12.3 Ice Magic
 + Level 11.3 Air Magic
 + Level 14.5 Earth Magic
 + Level 13.7 Poison Magic
 + Level 16.1 Invocations
 + Level 13.7 Evocations


You had 77 spell levels left.
You didn't know any spells.
Your spell library contained the following spells:

 Spells                   Type           Power      Damage    Failure   Level
 Blink                    Tloc           100%       N/A       0%          2
 Gell's Gravitas          Tloc           57%        N/A       0%          3
 Lesser Beckoning         Tloc           57%        N/A       0%          3
 Teleport Other           Tloc           57%        N/A       0%          3
 Manifold Assault         Tloc           57%        N/A       0%          5


Dungeon Overview and Level Annotations

Branches:
Dungeon (1/1)

Altars:
Makhleb


Innate Abilities, Weirdness & Mutations

You are too large for most types of armour.
You have claws for hands.
Your natural rate of healing is unusually fast.
You are covered in fur. (AC +1)
You have tough skin. (AC +1)


Message History

Your Hexes skill increases to level 11!
Your Summonings skill increases to level 12!
Your Necromancy skill increases to level 13!
Your Transmutations skill increases to level 12!
Your Fire Magic skill increases to level 12!
Your Ice Magic skill increases to level 12!
Your Air Magic skill increases to level 11!
You carve the tentacled monstrosity like a ham!!!
You pulverise the tentacled monstrosity into a thin bloody mist.
You kill the tentacled monstrosity!
The tentacled monstrosity disappears in a puff of smoke!
You slash the large abomination!
You cleave the large abomination in twain.
You destroy the large abomination!
The large abomination disappears in a puff of smoke!
You hear a shout!
Unknown command.
Unknown command.
You slash the bag of meat!
You cleave the bag of meat in twain.
You kill the bag of meat!
Makhleb accepts your kill.
You feel better.
You slash the bag of meat!
You butcher the bag of meat messily.
You kill the bag of meat!
Makhleb accepts your kill.
You chop the bag of meat into pieces!!! You chop the bag of meat into pieces.
You kill the bag of meat!
Makhleb accepts your kill.
The large abomination disappears in a puff of smoke!
The accursed gestures at you while chanting.
Something smites you!
You hear a shout! x4
Your Invocations skill increases to level 16!
You hear a shout! x6
The dread hits you. The dread drains your vigour!
You feel yourself slow down.
The tyrant waves its bony arms in wide circles.
The air twists around and strikes you!!
The sculptor of flesh hits you with a +9 great sword!!!!!
Ouch! That really hurt!
You die...

##############
.)..☼☼Mo..o..####
.oz.☼)§.z...M...####
.o##§##)#####....X.####
...o.....o..oL)z)W....##
)ooo##.##....§o)@LX.§...
).).....o..XX.O§XoX.....
)))...#.#..X.§X§#oXo....
.)......§..X..####§X....
.)).......X.... o.§...
..)............ o..#..
.))).......... .....
.)))☼......... ..#.
.#)).....#


You could see an accursed, 3 tentacled monstrosities, 2 tyrants, a sculptor of
flesh, a large bag of meat (inner flame), 8 large abominations, a dread and 9
bags of meat.

Vanquished Creatures
  6 vampire knights (D)
  20 ogres (D)
  3 two-headed ogres (D)
  54 orcs (D)
  2 skeletal warriors (D)
85 creatures vanquished.

Notes
Turn   | Place    | Note
-------+----------+-------------------------------------------
     0 | D        | Found the +∞ Axe of Woe
     0 | D        | smarlow the Troll Warper began the quest for the Orb.
     0 | D        | Reached XP level 1. HP: 19/19 MP: 1/1
     1 | D        | Noticed a bag of meat
     3 | D        | Became a worshipper of Makhleb the Destroyer
     3 | D        | Noticed a meat berserker
     3 | D        | Noticed a bag of meat
     4 | D        | Noticed a meat berserker
     5 | D        | Noticed a bag of meat
     5 | D        | Noticed a bag of meat
     7 | D        | Killed a meat berserker
     7 | D        | Noticed a bag of meat
     8 | D        | Reached skill level 15 in Translocations
     8 | D        | Reached XP level 2. HP: 42/42 MP: 1/10
     8 | D        | Reached XP level 3. HP: 49/49 MP: 1/11
     8 | D        | Reached XP level 4. HP: 58/58 MP: 1/13
     8 | D        | Reached XP level 5. HP: 66/66 MP: 1/14
     8 | D        | Reached XP level 6. HP: 74/74 MP: 1/16
     8 | D        | Reached XP level 7. HP: 81/81 MP: 1/17
     8 | D        | Reached XP level 8. HP: 91/91 MP: 1/19
     8 | D        | Reached XP level 9. HP: 97/97 MP: 1/20
     8 | D        | Reached XP level 10. HP: 106/106 MP: 1/21
     8 | D        | Reached XP level 11. HP: 113/113 MP: 1/22
     8 | D        | Killed a bag of meat
     8 | D        | Reached * piety under Makhleb
     8 | D        | Noticed a bag of meat
     8 | D        | Noticed a meat berserker
     8 | D        | Noticed a bag of meat
     8 | D        | Noticed a bag of meat
     9 | D        | Reached skill level 10 in Axes
     9 | D        | Reached XP level 12. HP: 87/124 MP: 1/23
     9 | D        | Killed a meat berserker
     9 | D        | Killed a bag of meat
     9 | D        | Noticed a bag of meat
     9 | D        | Noticed a bag of meat
     9 | D        | Noticed a bag of meat
    10 | D        | Reached skill level 10 in Spellcasting
    10 | D        | Reached XP level 13. HP: 98/137 MP: 1/26
    10 | D        | Killed a bag of meat
    10 | D        | Reached ** piety under Makhleb
    10 | D        | Noticed a meat berserker
    10 | D        | Noticed a bag of meat
    11 | D        | Reached skill level 15 in Dodging
    11 | D        | Reached XP level 14. HP: 87/148 MP: 1/27
    11 | D        | Killed a bag of meat
    11 | D        | Noticed a bag of meat
    11 | D        | Noticed a bag of meat
    11 | D        | Noticed a large bag of meat
    12 | D        | Killed a bag of meat
    12 | D        | Killed a meat berserker
    12 | D        | Reached *** piety under Makhleb
    12 | D        | Killed a meat berserker
    12 | D        | Noticed a bag of meat
    13 | D        | Reached XP level 15. HP: 146/165 MP: 2/30
    13 | D        | Noticed a meat berserker
    14 | D        | Reached **** piety under Makhleb
    15 | D        | Reached skill level 15 in Fighting
    15 | D        | Reached skill level 5 in Throwing
    15 | D        | Reached XP level 16. HP: 164/176 MP: 2/32
    15 | D        | Reached ***** piety under Makhleb
    16 | D        | Killed a large bag of meat
    17 | D        | Killed a meat berserker
    18 | D        | Reached XP level 17. HP: 181/196 MP: 3/34
    18 | D        | Noticed a meat berserker
    18 | D        | Noticed a meat berserker
    19 | D        | Reached ****** piety under Makhleb
    19 | D        | Noticed a meat berserker
    20 | D        | Reached skill level 15 in Spellcasting
    20 | D        | Noticed a large bag of meat
    21 | D        | Reached skill level 27 in Translocations
    21 | D        | Reached XP level 18. HP: 213/213 MP: 4/36
    21 | D        | Noticed a destroyer
    21 | D        | Noticed a destroyer
    21 | D        | Noticed a meat berserker
    22 | D        | Killed a large bag of meat
    22 | D        | Killed a meat berserker
    22 | D        | Killed a meat berserker
    22 | D        | Noticed a destroyer
    23 | D        | Reached skill level 27 in Axes
    23 | D        | Noticed a meat berserker
    23 | D        | Noticed a meat berserker
    24 | D        | Killed a meat berserker
    25 | D        | Reached XP level 19. HP: 235/241 MP: 4/39
    25 | D        | Noticed a meat berserker
    26 | D        | Noticed a destroyer
    26 | D        | Noticed a meat berserker
    27 | D        | Noticed a meat berserker
    27 | D        | HP: 11/241 [destroyer/+9 vorpal great sword (24)]
    28 | D        | Killed a destroyer
    28 | D        | Killed a meat berserker
    29 | D        | Reached skill level 27 in Fighting
    29 | D        | Reached skill level 27 in Dodging
    29 | D        | Killed a destroyer
    29 | D        | Killed a meat berserker
    29 | D        | Noticed a meat berserker
    30 | D        | Reached XP level 20. HP: 182/256 MP: 6/48
    30 | D        | Noticed a large bag of meat
    31 | D        | Killed a meat berserker
    32 | D        | Reached skill level 27 in Spellcasting
    34 | D        | Killed a meat berserker
    34 | D        | Killed a meat berserker
    34 | D        | Killed a meat berserker
    34 | D        | Killed a destroyer
    35 | D        | Reached skill level 27 in Throwing
    35 | D        | Reached XP level 21. HP: 265/265 MP: 7/51
    36 | D        | Reached skill level 5 in Short Blades
    36 | D        | Reached skill level 5 in Long Blades
    36 | D        | Reached skill level 5 in Polearms
    36 | D        | Reached skill level 5 in Staves
    36 | D        | Reached skill level 5 in Armour
    36 | D        | Reached skill level 5 in Shields
    36 | D        | Reached skill level 5 in Conjurations
    36 | D        | Reached skill level 5 in Summonings
    36 | D        | Reached skill level 5 in Necromancy
    36 | D        | Reached skill level 5 in Transmutations
    36 | D        | Reached skill level 5 in Fire Magic
    36 | D        | Reached skill level 5 in Ice Magic
    36 | D        | Reached skill level 5 in Poison Magic
    36 | D        | Reached skill level 5 in Evocations
    38 | D        | Noticed a destroyer
    39 | D        | Noticed a large bag of meat
    40 | D        | Killed a destroyer
    41 | D        | Reached skill level 5 in Slings
    41 | D        | Reached skill level 5 in Bows
    41 | D        | Reached skill level 5 in Crossbows
    41 | D        | Reached skill level 5 in Stealth
    41 | D        | Reached skill level 5 in Hexes
    41 | D        | Reached skill level 5 in Air Magic
    41 | D        | Reached XP level 22. HP: 275/275 MP: 9/52
    41 | D        | Noticed a destroyer
    42 | D        | Killed a destroyer
    43 | D        | Noticed an accursed
    43 | D        | Killed a destroyer
    44 | D        | Reached skill level 10 in Unarmed Combat
    44 | D        | Reached skill level 10 in Invocations
    46 | D        | Noticed an accursed
    49 | D        | Killed a large bag of meat
    50 | D        | Reached skill level 10 in Maces & Flails
    50 | D        | Reached skill level 10 in Earth Magic
    50 | D        | Reached XP level 23. HP: 70/284 MP: 11/53
    53 | D        | Reached skill level 10 in Short Blades
    53 | D        | Reached skill level 10 in Long Blades
    53 | D        | Reached skill level 10 in Polearms
    53 | D        | Reached skill level 10 in Staves
    53 | D        | Reached skill level 10 in Armour
    53 | D        | Reached skill level 10 in Shields
    53 | D        | Reached skill level 10 in Conjurations
    53 | D        | Reached skill level 10 in Necromancy
    53 | D        | Reached skill level 10 in Poison Magic
    53 | D        | Reached skill level 10 in Evocations
    60 | D        | Noticed a tyrant
    60 | D        | Noticed a tyrant
    63 | D        | Reached skill level 10 in Summonings
    63 | D        | Reached skill level 10 in Transmutations
    63 | D        | Reached skill level 10 in Fire Magic
    63 | D        | Reached skill level 10 in Ice Magic
    63 | D        | Noticed a dread
    67 | D        | Reached skill level 10 in Slings
    67 | D        | Reached skill level 10 in Bows
    67 | D        | Reached skill level 10 in Crossbows
    67 | D        | Reached skill level 10 in Hexes
    67 | D        | Reached skill level 10 in Air Magic
    67 | D        | Reached XP level 24. HP: 266/295 MP: 14/53
    69 | D        | Reached skill level 15 in Invocations
    70 | D        | Reached skill level 10 in Stealth
    70 | D        | Reached skill level 15 in Unarmed Combat
    74 | D        | Annihilated by a sculptor of flesh

Illustrated notes

Levels and vault maps discovered:
D:        meatsprint

Skill      XL: |  1  2  3  4  5  6  7  8  9 10 11 12 13 14 15 16 17 18 19 20 21 22 23 24 |
---------------+-------------------------------------------------------------------------+-----
Fighting       | 8 9 11 14 15 18 20 26 27 | 27.0
Axes           | 9 10 12 16 17 22 25 27 | 27.0
Throwing       | 2 3 4 5 6 9 17 27 | 27.0
Dodging        | 11 12 14 15 17 18 20 21 25 27 | 27.0
Spellcasting   | 8 10 12 13 14 15 17 25 27 | 27.0
Translocations | 15 16 18 19 22 23 25 27 | 27.0
Short Blades   | 7 9 11 13 | 13.3
Long Blades    | 7 9 12 13 | 13.4
Maces & Flails | 7 10 13 14 | 14.5
Polearms       | 7 9 12 13 | 13.3
Staves         | 7 9 12 13 | 13.3
Slings         | 5 8 10 11 | 11.3
Bows           | 5 8 10 11 | 11.3
Crossbows      | 5 8 10 11 | 11.3
Armour         | 7 9 12 13 | 13.4
Stealth        | 5 7 9 10 | 10.4
Shields        | 7 9 12 13 | 13.3
Unarmed Combat | 8 11 14 15 | 15.7
Conjurations   | 7 9 12 13 | 13.7
Hexes          | 5 8 10 11 | 11.3
Summonings     | 6 8 11 12 | 12.3
Necromancy     | 7 9 11 13 | 13.3
Transmutations | 6 8 11 12 | 12.3
Fire Magic     | 6 8 11 12 | 12.3
Ice Magic      | 6 8 11 12 | 12.3
Air Magic      | 5 8 10 11 | 11.3
Earth Magic    | 7 10 13 14 | 14.5
Poison Magic   | 7 9 12 13 | 13.7
Invocations    | 8 11 14 16 | 16.1
Evocations     | 7 9 12 13 | 13.7

Action                   |  1- 3 |  4- 6 |  7- 9 | 10-12 | 13-15 | 16-18 | 19-21 | 22-24 || total
-------------------------+-------+-------+-------+-------+-------+-------+-------+-------++-------
Melee: Executioner's axe |     1 |       |       |     2 |     4 |     7 |     7 |    16 ||    37
  Use: Potion            |       |       |       |       |       |       |       |     1 ||     1
Dodge: Dodged            |       |       |       |       |     1 |     1 |     1 |     4 ||     7
